 Dungeon Crawl Stone Soup version 0.19-a0-1540-g35a11b8 (webtiles) character file.

1941 Duskembrace the Covert (level 8, -4/35 HPs)
             Began as a Spriggan Monk on Sept 14, 2016.
             Was a Priest of Hepliaklqana.
             Slain by an orc warrior
             ... wielding a +0 trident
              (18 damage)
             ... on level 8 of the Dungeon.
             The game lasted 00:23:31 (6891 turns).

Duskembrace the Covert (Spriggan Monk)              Turns: 6891, Time: 00:23:32

Health: -4/35      AC:  3    Str: 10    XL:     8   Next: 98%
Magic:  18/18      EV: 27    Int: 11    God:    Hepliaklqana [***...]
Gold:   481        SH:  0    Dex: 21    Spells: 0 memorised, 7 levels left

rFire  . . .     SeeInvis +     j - +0 rapier
rCold  . . .     Gourm    .     b - +0 robe
rNeg   . . .     Faith    .     (shield restricted)
rPois  .         Spirit   .     (helmet restricted)
rElec  .         Dismiss  .     h - +0 cloak
rCorr  .         Reflect  .     (gloves unavailable)
MR     +....     Harm     .     (boots unavailable)
Stlth  ++++++....               (no amulet)
                                d - +3 ring of strength
                                B - ring of magical power

@: very quick
A: unfitting armour, reduced essence, see invisible, herbivore 3, speed 3, slow
metabolism 2
a: Recall Ancestor, Ancestor Identity, Transference, Renounce Religion


You were on level 8 of the Dungeon.
You worshipped Hepliaklqana.
Hepliaklqana was most pleased with you.
You were not hungry.

You visited 2 branches of the dungeon, and saw 9 of its levels.

You collected 481 gold pieces.

Inventory:

Hand Weapons
 a - a +0 short sword
 e - a +0 falchion of slicing
 j - a +0 rapier (weapon)
Missiles
 F - 20 poisoned needles
Armour
 b - a +0 robe (worn)
 f - a +0 buckler
 h - a +0 cloak (worn)
Jewellery
 d - a +3 ring of strength (right hand)
 l - a -2 ring of dexterity
 p - an uncursed ring of loudness
 q - an uncursed ring of protection from fire
 u - an uncursed ring of wizardry
 B - a ring of magical power (left hand)
 E - an uncursed ring of ice
Wands
 i - a wand of slowing (28/48)
 m - a wand of iceblast (4/15)
 t - a wand of lightning (11/15)
 z - a wand of acid (6/15)
 A - a wand of enslavement (17/24)
 L - a wand of flame (29/48)
Scrolls
 g - a scroll of amnesia
 k - 6 scrolls of identify
 n - 2 scrolls of teleportation {unknown}
 s - 2 scrolls of enchant armour {unknown}
 v - 3 scrolls of blinking {unknown}
 w - 2 scrolls of noise {unknown}
 x - a scroll of random uselessness {unknown}
 y - a scroll of fear
 H - a scroll of magic mapping {unknown}
 I - a scroll of recharging {unknown}
 M - a scroll of remove curse
Potions
 o - a potion of lignification
 r - 2 potions of curing
 C - a potion of haste {unknown}
 G - a potion of might
 J - a potion of resistance {unknown}
 O - a potion of cure mutation {unknown}
 P - a potion of agility {unknown}
Books
 K - a book of the Warp

   Spells                             Type                      Level
   a - Gell's Gravitas                Hexes/Translocation          3
   b - Force Lance                    Conjuration/Translocation    4
   c - Summon Forest                  Summoning/Translocation      5
   d - Dispersal                      Translocation                6
   e - Controlled Blink               Translocation                8
   f - Disjunction                    Translocation                8
 N - a Fen Folio

   Spells                             Type                      Level
   a - Corpse Rot                     Necromancy                   2
   b - Stone Arrow                    Conjuration/Earth            3
   c - Leda's Liquefaction            Hexes/Earth                  4
   d - Summon Forest                  Summoning/Translocation      5
   e - Hydra Form                     Transmutation                6
   f - Summon Hydra                   Summoning                    7
Comestibles
 c - 5 bread rations
 D - a royal jelly


   Skills:
 - Level 2.4 Fighting
 + Level 8.6 Short Blades
 + Level 9.4 Dodging
 + Level 11.2 Stealth


You had 7 spell levels left.
You didn't know any spells.

Dungeon Overview and Level Annotations

Branches:
Dungeon (8/15)             Temple (1/1) D:5
   Lair: D:8-11

Altars:
Ashenzari
Cheibriados
Dithmenos
Elyvilon
Fedhas
Gozag
Hepliaklqana
Kikubaaqudgha
Makhleb
Nemelex Xobeh
Okawaru
Qazlal
Ru
Sif Muna
Trog
Uskayaw
Vehumet
Xom
Yredelemnul
Zin
The Shining One

Annotations:
D:5 vogonpoet's ghost, novice FoHu


Innate Abilities, Weirdness & Mutations

You are tiny and cannot use many weapons and most armour.
You have supernaturally acute eyesight. (SInv)
You are a herbivore.
You cover ground extremely quickly.
You need consume almost no food.
Your life essence is reduced. (-10% HP)


Message History

The orc warrior completely misses you.
Agathoclea casts a spell at the orc warrior.
The orc warrior resists with some effort.
The orc warrior closely misses you. The orc warrior barely misses you.
Agathoclea points at the orc warrior and mumbles some strange words.
The orc warrior resists with some effort.
The orc warrior completely misses you.
Agathoclea hits the orc warrior but does no damage.
Agathoclea points at the orc warrior and mumbles some strange words.
The orc warrior seems to slow down.
The orc warrior closely misses you.
Agathoclea hits the orc warrior with a dagger of draining.
The orc warrior completely misses you.
Agathoclea hits the orc warrior but does no damage.
Agathoclea drains the orc warrior!
Agathoclea gestures at the orc warrior while chanting.
The orc warrior resists with some effort.
The orc warrior hits you from afar with a trident!!
Ouch! That really hurt!
You die...

#.# ... ### ####
#'# ### ##..##
#.# ### #.#
#†...######(##
..# #.#
##....R.......##
#.# #.#
#.....#####>....
#.###.#
####...##
#.....# ......#
#.###.## ##...##
#.##### #@Ro..#
##.## #.#
####### #.# ..#
#.# ### #.# #.#
#.# #.#
#############
#.# #########
#...........#
#.###


You could see the friendly Agathoclea the hexer and an orc warrior.

Vanquished Creatures
  Sigmund (D:2)
  A hippogriff (D:7)
  A sky beast (D:6)
  An ice beast (D:8)
  3 ogres
  A crocodile (D:7)
  3 giant frogs
  A scorpion (D:6)
  5 killer bees (D:8)
  A crimson imp (D:6)
  2 hounds
  A jelly (D:7)
  Crazy Yiuf (D:2)
  An orc wizard (D:3)
  3 worker ants
  2 iguanas
  A killer bee zombie (D:7)
  2 hound skeletons (D:5)
  A howler monkey zombie (D:8)
  2 gnolls
  6 adders
  A shadow imp (D:7)
  An ooze (D:1)
  An adder skeleton (D:7)
  A worm (D:2)
  A dart slug (D:2)
  3 giant geckos
  10 orcs
  5 bats
  6 giant cockroaches
  3 goblins
  14 hobgoblins
  5 jackals
  3 quokkas
  3 giant newts
  7 kobolds
  7 rats
111 creatures vanquished.

Vanquished Creatures (collateral kills)
  An ogre (D:6)
  A howler monkey (D:7)
  A centaur skeleton (D:8)
  An orc wizard (D:5)
  3 orcs
7 creatures vanquished.

Vanquished Creatures (others)
  A hexer (D:5)
1 creature vanquished.

Grand Total: 119 creatures vanquished

Notes
Turn   | Place    | Note
-------+----------+-------------------------------------------
     0 | D:1      | Duskembrace the Spriggan Monk began the quest for the Orb.
     0 | D:1      | Reached XP level 1. HP: 11/11 MP: 2/2
   169 | D:1      | Reached XP level 2. HP: 14/16 MP: 3/3
   426 | D:1      | Found a shattered altar of Ashenzari.
   539 | D:1      | Reached skill level 4 in Stealth
   718 | D:2      | Reached XP level 3. HP: 19/19 MP: 4/4
   725 | D:2      | Found a runed door.
   729 | D:2      | Noticed Crazy Yiuf
   733 | D:2      | Killed Crazy Yiuf
   781 | D:2      | Reached skill level 5 in Stealth
   827 | D:2      | Reached XP level 4. HP: 22/23 MP: 5/5
   926 | D:2      | Noticed Sigmund
   934 | D:2      | Killed Sigmund
   934 | D:2      | Reached skill level 5 in Short Blades
   934 | D:2      | Reached skill level 7 in Stealth
   934 | D:2      | Reached XP level 5. HP: 14/27 MP: 6/6
  1374 | D:2      | Reached XP level 6. HP: 32/32 MP: 7/7
  2485 | D:4      | Reached skill level 5 in Dodging
  2553 | D:4      | Reached skill level 8 in Stealth
  3108 | D:5      | Entered Level 5 of the Dungeon
  3108 | D:5      | Found a staircase to the Ecumenical Temple.
  3112 | Temple   | Entered the Ecumenical Temple
  3288 | Temple   | Became a worshipper of Hepliaklqana
  3288 | Temple   | Reached * piety under Hepliaklqana
  3288 | Temple   | Reached ** piety under Hepliaklqana
  3289 | Temple   | Remembered your ancestor Agathoclea as a hexer
  3350 | D:5      | Reached XP level 7. HP: 31/31 MP: 8/8
  3704 | D:5      | Noticed vogonpoet's ghost (novice FoHu)
  3981 | D:5      | HP: 1/46 [orc (2)]
  4269 | D:6      | Reached skill level 9 in Stealth
  4462 | D:6      | Found a sacrificial altar of Ru.
  4901 | D:7      | Reached *** piety under Hepliaklqana
  5063 | D:7      | Reached XP level 8. HP: 26/35 MP: 9/9
  5319 | D:7      | Reached skill level 10 in Stealth
  5450 | D:7      | Found an iron altar of Okawaru.
  6406 | D:8      | Reached skill level 11 in Stealth
  6891 | D:8      | Slain by an orc warrior

Vault maps used:
D:1:      dpeg_cavernosity, nicolae_ashenzari_panopticon
D:2:      uniq_sigmund, uniq_crazy_yiuf_cottage
D:3:      first_bread
D:4:      serial_bayou_lagoon_b
D:6:      basic_altar
D:7:      lemuel_crystal_altar
D:8:      kennysheep_orc_sif_temple
Temple:   regret_index_temple_chain_breaker

Skill      XL: |  1  2  3  4  5  6  7  8 |
---------------+-------------------------+-----
Short Blades   | 4 5 6 7 8 |  8.6
Stealth        | 4 5 7 8 9 11 | 11.2
Dodging        | 5 7 9 |  9.4
Fighting       | |  2.4

Action                   |  1- 3 |  4- 6 |  7- 9 || total
-------------------------+-------+-------+-------++-------
Melee: Short sword       |    54 |       |       ||    54
       Rapier            |    19 |   107 |   222 ||   348
Invok: Ancestor Life: He |       |     1 |       ||     1
       Recall Ancestor   |       |       |     9 ||     9
  Use: Potion            |       |     1 |     4 ||     5
       Scroll            |       |     4 |     1 ||     5
 Stab: Sleeping          |    10 |    20 |    15 ||    45
       Confused          |       |       |     4 ||     4
       Distracted        |       |       |     1 ||     1
  Eat: Bread ration      |       |       |     1 ||     1
Armor: Robe              |     4 |     3 |     9 ||    16
       Skin              |       |       |    37 ||    37
Dodge: Dodged            |    50 |    54 |   186 ||   290
